 Dungeon Crawl Stone Soup version 0.23-a0-470-g6f7cfd9 (webtiles) character file.

8 Amnesiac the Shield-Bearer (level 2, 0/18 HPs)
             Began as a Deep Elf Fighter on Nov 26, 2018.
             Slain by an orc
             ... wielding a +0 hand axe
              (4 damage)
             ... on level 2 of the Dungeon.
             The game lasted 00:00:34 (341 turns).

Amnesiac the Shield-Bearer (Deep Elf Fighter)        Turns: 341, Time: 00:00:35

Health: 0/18       AC:  6    Str: 13    XL:     2   Next: 0%
Magic:  4/4        EV:  7    Int: 12    God:
Gold:   24         SH:  8    Dex: 14    Spells: 1/1 levels left

rFire    . . .     SeeInvis .   a - +0 long sword
rCold    . . .     Gourm    .   c - +0 shield
rNeg     . . .     Faith    .   b - +0 scale mail
rPois    .         Spirit   .   (no helmet)
rElec    .         Reflect  .   (no cloak)
rCorr    .         Harm     .   (no gloves)
MR       .....                  (no boots)
Stlth    ..........             (no amulet)
HPRegen  0.06/turn              (no ring)
MPRegen  0.09/turn              (no ring)

@: no status effects
A: no striking features
a: no special abilities


You were on level 2 of the Dungeon.
You were not hungry.

You visited 1 branch of the dungeon, and saw 2 of its levels.

You collected 24 gold pieces.

Inventory:

Hand Weapons
 a - a +0 long sword (weapon)
Armour
 b - a +0 scale mail (worn)
 c - a +0 shield (worn)
Scrolls
 g - a scroll of remove curse {!r, unknown}
 h - a scroll of amnesia {!r, unknown}
Potions
 d - a potion of might {!q}
 e - a potion of brilliance {!q, unknown}
Comestibles
 f - 2 rations


   Skills:
 - Level 2.4 Fighting
 - Level 2.0 Long Blades
 - Level 2.4 Armour
 + Level 1.7 Dodging
 - Level 2.4 Shields


You had one spell level left.
You didn't know any spells.
Your spell library was empty.

Dungeon Overview and Level Annotations

Branches:
Dungeon (2/15)

Altars:
Trog


Message History

You miss the frilled lizard. You block the frilled lizard's attack.
You miss the frilled lizard.
The frilled lizard bites you but does no damage.
The frilled lizard barely misses you.
You riposte.
You barely miss the frilled lizard. You slash the frilled lizard!
You kill the frilled lizard!
You have reached level 2!
Things that are here:
a stone; a frilled lizard corpse
Things that are here:
a +0 short sword; 13 stones; a kobold corpse You start resting.
HP restored.
There is a stone staircase leading down here.
You climb downwards.
Found 8 gold pieces and a ration.
There is a stone staircase leading up here.
You now have 24 gold pieces (gained 8).
f - 2 rations (gained 1)
A worm comes into view.
A worm is nearby!
An orc comes into view. It is wielding a +0 hand axe.
The orc shouts!
Found a chunk of flesh.
Found a bloodstained altar of Trog.
You hit the orc but do no damage. The orc hits you with a +0 hand axe.
You completely miss the orc. The orc closely misses you.
You riposte.
You barely miss the orc. You hit the orc.
The orc is severely wounded.
The orc hits you with a +0 hand axe.
* * * LOW HITPOINT WARNING * * *
You barely miss the orc.
The orc is severely wounded.
The orc hits you but does no damage. x2
You hit the orc but do no damage.
The orc is severely wounded.
The orc hits you with a +0 hand axe.
* * * LOW HITPOINT WARNING * * *
You closely miss the orc.
The orc is severely wounded.
The orc hits you with a +0 hand axe.
* * * LOW HITPOINT WARNING * * *
You closely miss the orc.
The orc is severely wounded.
The orc hits you with a +0 hand axe.
* * * LOW HITPOINT WARNING * * *
You closely miss the orc.
The orc is severely wounded.
The orc hits you but does no damage. The orc barely misses you.
You closely miss the orc.
The orc is severely wounded.
You block the orc's attack.
Your shield and scale mail prevent you from hitting the orc.
The orc is severely wounded.
The orc hits you but does no damage.
You closely miss the orc.
The orc is severely wounded.
The orc hits you with a +0 hand axe.
* * * LOW HITPOINT WARNING * * *
You hit the orc but do no damage.
The orc is severely wounded.
The orc hits you with a +0 hand axe.
You die...

..# ..# ######
#.# ####^# #.#
..%..# #######.##
o_...#
#........## ....#
#.........##...##
#........ow.....#
#...<...@####.#.#
#........# #
#........#
#........#
##########


You could see a worm and an orc.

Vanquished Creatures
  2 bats (D:1)
  A hobgoblin (D:1)
  4 kobolds (D:1)
  A frilled lizard (D:1)
8 creatures vanquished.

Notes
Turn   | Place    | Note
-------+----------+-------------------------------------------
     0 | D:1      | Amnesiac the Deep Elf Fighter began the quest for the Orb.
     0 | D:1      | Reached XP level 1. HP: 13/13 MP: 3/3
    76 | D:1      | Reached skill level 1 in Dodging
   234 | D:1      | Reached XP level 2. HP: 10/18 MP: 4/4
   324 | D:2      | Found a bloodstained altar of Trog.
   341 | D:2      | Slain by an orc

Vault maps used:
D:1:      moated_graveyard_arrival
D:2:      nicolae_overflow_hidden_temple,
          chequers_ecumenical_altar_simple_redux, minmay_misc_feat_alley,
          trog_butcher_becter

Skill      XL: |  1 |
---------------+----+-----
Long Blades    | 2 |  2.0
Dodging        | 1 |  1.7
Fighting       | |  2.4
Armour         | |  2.4
Shields        | |  2.4

Action                   || total
-------------------------++-------
Melee: Long sword        ||    38
Armor: Scale mail        ||    20
Dodge: Dodged            ||    13
Block: Shield            ||    13
       Rpst.: Long sword ||     5

Table legend:
 A = Non-vault XP
 B = Vault XP
 C = Vault XP percentage of total XP
 D = Non-vault monster count
 E = Vault monster count
 F = Vault count percentage of total count
                 A         B        C        D         E       F
            +---------+---------+-------+---------+---------+-------
      Total |      12 |       0 |   0.0 |       8 |       0 |   0.0
            +---------+---------+-------+---------+---------+-------
        D:1 |      12 |       0 |   0.0 |       8 |       0 |   0.0
            +---------+---------+-------+---------+---------+-------
